 Dungeon Crawl Stone Soup version 0.31-a0-702-gf82c85558f (webtiles) character file.

Game seed: 12542896881662561025

89 qw the Shooter (level 4, -2/28 HPs)
             Began as a Gargoyle Hunter on Sept 8, 2023.
             Slain by an ogre
             ... wielding a +0 giant club
              (30 damage)
             ... on level 4 of the Dungeon.
             The game lasted 00:00:38 (2245 turns).

qw the Shooter (Gargoyle Hunter)                    Turns: 2245, Time: 00:00:39

Health: -2/28      AC:  8    Str: 15    XL:     4   Next: 55%
Magic:  4/4        EV: 11    Int:  9    God:
Gold:   111        SH:  0    Dex: 15    Spells: 3/3 levels left

rFire   . . .        Y - +0 shortbow (drain)
rCold   . . .        (shield currently unavailable)
rNeg    + . .        h - +0 ring mail
rPois   inf          (no helmet)
rElec   +            (no cloak)
rCorr   .            (no gloves)
SInv    .            (no boots)
Will    .....        e - amulet of the acrobat
Stlth   +            (no ring)
HPRegen 0.24/turn    (no ring)
MPRegen 0.09/turn

%: acrobat
@: no status effects
A: sickness immunity, AC +3, negative energy resistance 1, electricity
resistance, torment resistance 1, petrification resistance
a: no special abilities


You were on level 4 of the Dungeon.
You visited 1 branch of the dungeon, and saw 4 of its levels.

You collected 111 gold pieces.


Innate Abilities, Weirdness & Mutations

You are immune to sickness and miasma.
Your stone body is resilient. (AC +3)
You are immune to poison.
You resist negative energy. (rN+)
You are resistant to electric shocks. (rElec)
You are resistant to unholy torment.
You are immune to petrification.


   Skills:
 - Level 3.1 Fighting
 - Level 5.4 Ranged Weapons
 + Level 0.1 Armour
 - Level 1.5 Dodging
 - Level 1.1 Stealth


You had 3 spell levels left.
You didn't know any spells.
Your spell library was empty.

Inventory:

Hand Weapons
 Y - a +0 shortbow of draining (weapon)
Armour
 h - a +0 ring mail (worn)
Jewellery
 e - an amulet of the acrobat (around neck)
Scrolls
 a - 4 scrolls of teleportation
 f - a scroll of identify
Potions
 g - a potion of mutation
 k - a potion of haste {unknown}
 l - a potion of degeneration {unknown}

Dungeon Overview and Level Annotations

Branches:
Dungeon (4/15)
 Temple: D:4-7

Altars:
Nemelex Xobeh

Shops:
D:2 [


Message History

Done exploring.
2225 ||| READING 2 scrolls of identify.
As you read the scroll of identify, it crumbles to dust.
g - a potion of mutation;
2225 ||| IDENTIFYING puce potion Done exploring.
2226 ||| DROPPING potion of ambrosia.
You drop a potion of ambrosia.
Done exploring.
2227 ||| DROPPING potion of lignification.
You drop a potion of lignification.
Done exploring.
What level of the Dungeon? (default 3, ? - help)
There is a stone staircase leading down here.
You climb downwards.
Found a scroll labelled CAUGHA ISAMN.
Found a stone staircase leading down.
There is a stone staircase leading up here.
There are monsters nearby!
Waypoint 3 assigned to D:4.
You shoot an arrow. The arrow hits the orc.
The orc shouts!
The orc is lightly wounded.
You shoot an arrow. The arrow barely misses the orc.
The gnoll shouts!
You hear a shout!
2239 |||
Found retreat position at 5,-6 (floor) with 0 blocking monsters and 2 monsters attacking at destination at distance 6
2239 ||| STAIRDANCE The orc hits you but does no damage.
You climb upwards.
There is a stone staircase leading down here.
You shoot an arrow. The arrow hits the orc.
You drain the orc.
The orc is almost dead.
The orc barely misses you.
You shoot an arrow. The arrow hits the orc!
You kill the orc!
Done exploring.
What level of the Dungeon? (default 4, ? - help)
You climb downwards.
The ogre barely misses you.
A gnoll comes into view. It is wielding a +0 whip.
There is a stone staircase leading up here.
2245 ||| STAIRDANCE The ogre hits you with a +0 giant club!!
Ouch! That really hurt!
You die...

####........#
##........>..#
.............#
#..........# g
#..........#}.
#.............
##..........#
#......@g#
...?..O..#
.........#
.........#
..####.### .
#. .. ..


You could see an ogre and 2 gnolls.

Vanquished Creatures
  3 gnolls (D:2)
  An adder (D:3)
  2 orcs (D:3)
  3 endoplasms
  A giant cockroach (D:3)
  8 goblins
  5 hobgoblins
  6 jackals
  2 ball pythons
  3 bats
  5 kobolds
  7 rats
46 creatures vanquished.

Notes
Turn   | Place    | Note
-------+----------+-------------------------------------------
     0 | D:1      | qw the Gargoyle Hunter began the quest for the Orb.
     0 | D:1      | Reached XP level 1. HP: 12/12 MP: 1/1
     0 | D:1      | 0 ||| qw: Version: 0.3-a-76-g4403597
     0 | D:1      | 0 ||| qw: Game counter: 1243
     0 | D:1      | 0 ||| qw: Melee chars always use a shield: true
     0 | D:1      | 0 ||| qw: God list: Okawaru
     0 | D:1      | 0 ||| qw: Allow faded altars: false
     0 | D:1      | 0 ||| qw: Do Orc after clearing Dungeon:15 true
     0 | D:1      | 0 ||| qw: Do second Lair branch before Depths: true
     0 | D:1      | 0 ||| qw: Lair rune preference: random
     0 | D:1      | 0 ||| qw: Goals: Normal
     0 | D:1      | 0 ||| PLANNING D:1-11
   114 | D:1      | Reached XP level 2. HP: 17/17 MP: 2/2
   864 | D:1      | 864 ||| UPGRADING to amulet of the acrobat.
   869 | D:1      | 869 ||| READING scroll labelled QUGENE JATO.
   874 | D:1      | 874 ||| READING scroll labelled YNEASEE YNTE.
   875 | D:1      | 875 ||| READING scroll labelled HAFU ZOSTAM.
   876 | D:1      | 876 ||| DROPPING scroll of butterflies.
   924 | D:2      | Identified the staff "Xuixipn" {Fly rC+ Conj}
  1028 | D:2      | Found Eqoiteh's Armour Shoppe.
  1035 | D:2      | Reached XP level 3. HP: 19/21 MP: 3/3
  1054 | D:2      | 1054 ||| SHOPLISTING +1 leather armour "Xaemoyr" {rElec
                  | Regen+ rCorr Str-3} (263 gold, have 75).
  1110 | D:2      | Reached skill level 5 in Ranged Weapons
  1251 | D:2      | Reached skill level 3 in Fighting
  1258 | D:2      | Reached XP level 4. HP: 13/28 MP: 4/4
  1587 | D:2      | 1587 ||| READING scroll labelled QUAHAL ETIULUN.
  1640 | D:3      | Found a sparkling altar of Nemelex Xobeh.
  2186 | D:3      | 2186 ||| UPGRADING to +0 ring mail.
  2196 | D:3      | 2196 ||| DROPPING +0 leather armour.
  2197 | D:3      | 2197 ||| READING scroll labelled NEIXZE LEBBACEAM.
  2198 | D:3      | 2198 ||| READING scroll labelled IHALLO JUZIP.
  2199 | D:3      | 2199 ||| DRINKING 2 sedimented sapphire potions.
  2224 | D:3      | 2224 ||| READING 3 scrolls of identify.
  2224 | D:3      | 2224 ||| IDENTIFYING bubbling dark potion
  2225 | D:3      | 2225 ||| READING 2 scrolls of identify.
  2225 | D:3      | 2225 ||| IDENTIFYING puce potion
  2226 | D:3      | 2226 ||| DROPPING potion of ambrosia.
  2227 | D:3      | 2227 ||| DROPPING potion of lignification.
  2236 | D:4      | Noticed an ogre
  2239 | D:4      | 2239 ||| STAIRDANCE
  2245 | D:4      | 2245 ||| STAIRDANCE
  2245 | D:4      | Slain by an ogre

Levels and vault maps discovered:
D:1:      giann_bridges, layout_loops_corners
D:2:      layout_loops_ring, serial_shops, nicolae_shop_trees,
          minmay_misc_feat_rows
D:3:      layout_loops_cross, mainiacjoe_overflow_chevrons,
          grunt_decor_one_mirror, hex_large
D:4:      dreamdust_elfheim, layout_rooms, grunt_ministairs_8

Skill      XL: |  1  2  3 |
---------------+----------+-----
Ranged Weapons | 5 |  5.4
Fighting       | 3 |  3.1
Armour         | |  0.1
Dodging        | |  1.5
Stealth        | |  1.1

Action                     |  1- 3 |  4- 6 || total
---------------------------+-------+-------++-------
   Fire: Shortbow          |    85 |    32 ||   117
    Use: Scroll            |     3 |     5 ||     8
         Potion            |       |     1 ||     1
 Armour: Leather armour    |    22 |     4 ||    26
         Ring mail         |       |     2 ||     2
  Dodge: Dodged            |    19 |     8 ||    27

Table legend:
 A = Non-vault XP
 B = Vault XP
 C = Vault XP percentage of total XP
 D = Non-vault monster count
 E = Vault monster count
 F = Vault count percentage of total count
                 A         B        C        D         E       F
            +---------+---------+-------+---------+---------+-------
      Total |     128 |       0 |   0.0 |      46 |       0 |   0.0
            +---------+---------+-------+---------+---------+-------
        D:1 |      31 |       0 |   0.0 |      19 |       0 |   0.0
        D:2 |      67 |       0 |   0.0 |      17 |       0 |   0.0
        D:3 |      30 |       0 |   0.0 |      10 |       0 |   0.0
            +---------+---------+-------+---------+---------+-------
